 Dungeon Sprint DCSS version 0.32-a0-918-g0f22ef8d61 (webtiles) character file.

Game seed: 9814628876176092865

143 Revguard the Shield-Bearer (level 5, -4/30 HPs)
             Began as a Vine Stalker Fighter on Apr 10, 2024.
             Was a Follower of the Shining One.
             Killed by divine providence
             ... invoked by an orc priest
              (8 damage)
             ... in the Dungeon (Sprint V: "Ziggurat Sprint").
             The game lasted 00:01:26 (92 turns).

Revguard the Shield-Bearer (Vine Stalker Fighter)     Turns: 92, Time: 00:01:26

Health: -4/30      AC: 27    Str: 25    XL:     5   Next: 25%
Magic:  0/8        EV:  1    Int:  8    God:    the Shining One [*.....]
Gold:   0          SH: 28    Dex: 21    Spells: 4/4 levels left

rFire   . . .        C - +5 double sword
rCold   . . .        A - +18 shield of the Gong {Loud rN+ Will+ rCorr EV-5}
rNeg    + . .        B - +15 Maxwell's patent armour {-Cast -Tele rElec Will+ rCorr}
rPois   .            (no helmet)
rElec   +            (no cloak)
rCorr   +            (no gloves)
SInv    .            (no boots)
Will    ++...        (no amulet) Stlth
                     u - +6 ring of dexterity
HPRegen 1.05/turn    y - +6 ring of strength
MPRegen 0.11/turn

%: no teleportation, no spellcasting, guardian spirit
@: glowing
A: fangs 2, regeneration 1, magic shield, antimagic bite, no potion heal 2
a: Renounce Religion, Divine Shield


You were in the Dungeon.
You worshipped the Shining One.
The Shining One was aware of your devotion.
You visited 1 branch

Inventory:

Hand Weapons
 a - a +0 long sword
 C - a +5 double sword (weapon)
 D - a +5 demon blade
Armour
 b - a +0 scale mail
 c - a +0 buckler
 A - the +18 shield of the Gong (worn) {Loud rN+ Will+ rCorr EV-5}
   (You found it in the Dungeon)

   Loud:      It is deafeningly noisy when blocking attacks.
   EV-5:      It affects your evasion (-5).
   rN+:       It protects you from negative energy.
   Will+:     It increases your willpower.
   rCorr:     It protects you from acid and corrosion.
 B - the +15 Maxwell's patent armour (worn) {-Cast -Tele rElec Will+ rCorr}
   (You found it in the Dungeon)

   rElec:     It insulates you from electricity.
   Will+:     It increases your willpower.
   -Cast:     It prevents spellcasting.
   -Tele:     It prevents most forms of teleportation.
   rCorr:     It protects you from acid and corrosion.
Jewellery
 t - a ring of flight
 u - a +6 ring of dexterity (left hand)
 v - a +6 ring of dexterity
 w - a +6 ring of intelligence
 x - a +6 ring of intelligence
 y - a +6 ring of strength (right hand)
 z - a +6 ring of strength
Wands
 q - a wand of mindburst (7)
 r - a wand of iceblast (7)
 s - a wand of quicksilver (7)
Scrolls
 i - 4 scrolls of blinking
 m - 4 scrolls of amnesia
 n - 7 scrolls of fog
 o - 5 scrolls of identify
 p - 2 scrolls of fear
Potions
 d - 6 potions of might
 e - 10 potions of curing
 f - 6 potions of haste
 g - 7 potions of magic
 h - 3 potions of berserk rage
 j - 2 potions of brilliance
 k - 4 potions of resistance


   Skills:
 + Level 4.6 Fighting
 + Level 4.1 Long Blades
 + Level 4.6 Armour
 + Level 3.1 Dodging
 + Level 5.0 Shields
 + Level 3.7 Invocations
 + Level 3.3 Evocations


You had 4 spell levels left.
You didn't know any spells.
Your spell library was empty.

Dungeon Overview and Level Annotations

Branches:
Dungeon (1/1)

Altars:
Ashenzari
Cheibriados
Dithmenos
Elyvilon
Fedhas
Gozag
Hepliaklqana
Kikubaaqudgha
Makhleb
Nemelex Xobeh
Okawaru
Qazlal
Ru
Sif Muna
Trog
Uskayaw
Vehumet
Wu Jian
Xom
Yredelemnul
Zin
The Shining One
Beogh
Jiyva
Lugonu

Annotations:
D 1 transporter


Innate Abilities, Weirdness & Mutations

You have extremely sharp teeth.
Your natural rate of healing is unusually fast.
When hurt, damage is shared between your health and your magic reserves.
Your bite disrupts and absorbs the magic of your enemies.
Potions cannot restore your health.


Message History

The orc priest shouts!
The orc shouts!
The orc priest shouts!
Found three items.
Found a transporter.
You block the orc priest's attack.
BOUMMMMG!
You block the orc's attack.
GONNNNG!
You block the orc priest's attack.
GONNNNG!
You hit the orc.
The orc is lightly wounded.
You block the orc priest's attack.
SHROANNG!
The orc priest mumbles some strange prayers to Beogh against you.
Beogh smites you! You block the orc's attack.
GONNNNG!
You slash the orc!
You kill the orc!
You block the orc priest's attack.
BONNNG!
You block the orc priest's attack.
PANG!
The orc priest invokes the aid of Beogh against you.
Beogh smites you!
* * * LOW HITPOINT WARNING * * *
The orc priest hits you with a +0 hand axe.
* * * LOW HITPOINT WARNING * * *
You hit the orc priest.
The orc priest is moderately wounded.
You block the orc priest's attack.
BONNNG!
The orc priest hits you but does no damage.
You slash the orc priest! You bite the orc priest. You drain its power.
You feel invigorated.
The orc priest is almost dead.
The orc priest mumbles some strange prayers to Beogh against you.
You resist with almost no effort. You block the orc priest's attack.
PANG!
The orc priest calls down the wrath of Beogh upon you.
Beogh smites you!
You die...

▓▓▓▓▓▓▓▓▓▓▓▓▓
▓.ß©ß.▓.ß©ß.▓
▓.:[!.▓.....▓
▓.....▓.).).▓
▓.o)o.▓.††..▓
▓..@..▓.....▓
▓.....▓..©..▓
▓..©..▓▓▓▓▓▓▓
▓▓▓▓▓▓▓


You could see 2 orc priests.

Vanquished Creatures
  A yak (D)
  An orc (D)
  A jackal (D)
3 creatures vanquished.

Notes
Turn   | Place    | Note
-------+----------+-------------------------------------------
     0 | D        | Revguard the Vine Stalker Fighter began the quest for the
                  | Orb.
     0 | D        | Reached XP level 1. HP: 11/11 MP: 2/2
     8 | D        | Became a worshipper of the Shining One
    17 | D        | Found a blossoming altar of Fedhas.
    17 | D        | Found the +6 Majin-Bo {spellvamp, MP+6 Int+6}
    17 | D        | Found the +27 heavy crossbow "Sniper" {heavy, Acc+∞ SInv}
    17 | D        | Found the +10 dark maul {heavy}
    17 | D        | Found the +15 Maxwell's patent armour {-Cast -Tele rElec
                  | Will+ rCorr}
    17 | D        | Found the +18 shield of the Gong {Loud rN+ Will+ rCorr
                  | EV-5}
    17 | D        | Found the +16 obsidian axe {drain, demonic, Mesm ^Drain Fly
                  | SInv}
    17 | D        | Found the +7 great mace "Firestarter" {flame, immolate,
                  | rFlCloud rF++}
    17 | D        | Found the +6 shillelagh "Devastator" {shatter}
    17 | D        | Found the +11 plutonium sword {^Contam Stlth-}
    17 | D        | Found the +8 lance "Wyrmbane" {slay drac, rPois rF+ rC+
                  | AC+3}
    17 | D        | Found the +9 sword of Zonguldrok {reap}
    17 | D        | Found the +13 scythe of Curses {drain, curses, ^Drain}
    17 | D        | Found the +9 sword of Power {lifebolt}
    17 | D        | Found the +7 mace of Variability {chaos, chaos arc}
    17 | D        | Found the +11 Singing Sword {sonic wave}
    17 | D        | Found the +8 storm bow {elec, penet}
    18 | D        | Found a shimmering blue altar of Sif Muna.
    18 | D        | Found a sacrificial altar of Ru.
    18 | D        | Found a bloodstained altar of Trog.
    18 | D        | Found a stormy altar of Qazlal.
    18 | D        | Found an iron altar of Okawaru.
    18 | D        | Found a sparkling altar of Nemelex Xobeh.
    20 | D        | Found a transporter.
    20 | D        | Found an ancient bone altar of Kikubaaqudgha.
    20 | D        | Found a viscous altar of Jiyva.
    20 | D        | Found a corrupted altar of Lugonu.
    20 | D        | Found a hazy altar of Hepliaklqana.
    20 | D        | Found a burning altar of Makhleb.
    20 | D        | Found an opulent altar of Gozag.
    71 | D        | Reached skill level 1 in Dodging
    71 | D        | Reached skill level 4 in Shields
    71 | D        | Reached skill level 1 in Evocations
    71 | D        | Reached XP level 2. HP: 16/16 MP: 2/4
    76 | D        | Entered arena 2.
    76 | D        | Noticed a yak
    76 | D        | Found a transporter.
    80 | D        | Killed a yak
    81 | D        | Reached skill level 5 in Shields
    81 | D        | Reached XP level 3. HP: 21/21 MP: 4/6
    81 | D        | Reached XP level 4. HP: 26/26 MP: 4/7
    81 | D        | Reached XP level 5. HP: 30/30 MP: 4/8
    86 | D        | Entered arena 3.
    86 | D        | Reached * piety under the Shining One
    86 | D        | Found a transporter.
    90 | D        | HP: 1/30 [orc priest/+0 hand axe (5)]
    92 | D        | Killed from afar by an orc priest

Illustrated notes

Levels and vault maps discovered:
D:        sprint_v [room_start, room_1, room_2, room_3, room_4, room_5, room_6,
          room_7, room_8, room_9, room_10, room_11, room_12, room_13, room_14,
          room_15, room_16, room_17, room_18, room_19, room_20, room_21,
          room_22, room_23, room_24, room_25, room_26, room_27]

Skill      XL: |  1  2 |
---------------+-------+-----
Fighting       | 3 4 |  4.6
Long Blades    | 2 4 |  4.1
Armour         | 3 4 |  4.6
Dodging        | 1 3 |  3.1
Shields        | 4 5 |  5.0
Invocations    | 2 3 |  3.7
Evocations     | 1 3 |  3.3

Action                     |  1- 3 |  4- 6 || total
---------------------------+-------+-------++-------
  Melee: Double sword      |     3 |     5 ||     8
         Bite              |     1 |     1 ||     2
    Use: Potion            |     1 |       ||     1
 Armour: Plate armour      |     1 |     2 ||     3
  Block: Kite shield       |     8 |     9 ||    17

Table legend: (Time is in decaauts)
 A = Elapsed time spent in this place.
 B = Non-inter-level travel time spent in this place.
 C = Inter-level travel time spent in this place.
 D = Time resting spent in this place.
 E = Time spent auto-exploring this place.
 F = Levels seen in this place.
 G = Mean time per level.
                   A        B        C        D        E       F      G
               +--------+--------+--------+--------+--------+-----+--------+
         Total |     93 |     93 |      0 |      0 |      0 |   1 |   93.0 |
       Dungeon |     93 |     93 |      0 |      0 |      0 |   1 |   93.0 |
               +--------+--------+--------+--------+--------+-----+--------+

Top non-repeatable levels by time:
       D: 93 daAuts
